 Dungeon Crawl Stone Soup version 0.27.1-4-g1640c2035a (webtiles) character file.

Game seed: 15839359921541971825

261 Araneus the Cudgeller (level 5, 0/41 HPs)
             Began as a Demonspawn Fighter on Nov 15, 2021.
             Splashed by a jelly's acid (7 damage)
             ... on level 4 of the Dungeon.
             The game lasted 00:05:31 (3476 turns).

Araneus the Cudgeller (Demonspawn Fighter)          Turns: 3476, Time: 00:05:33

Health: 0/41       AC: -9    Str: 18    XL:     5   Next: 96%
Magic:  5/5        EV:  7    Int:  9    God:
Gold:   98         SH:  8    Dex: 12    Spells: 4/4 levels left

rFire    . . .     SeeInvis .   a - +0 flail
rCold    . . .     Faith    .   c - +0 kite shield
rNeg     . . .     Spirit   .   b - +0 scale mail
rPois    .         Reflect  .   (no helmet)
rElec    .         Harm     .   (no cloak)
rCorr    .         Rampage  .   (no gloves)
Will     .....                  (no boots)
Stlth    ..........             (no amulet)
HPRegen  0.13/turn              (no ring)
MPRegen  0.09/turn              (no ring)

@: corroded
A: talons 1, ignite blood 1
a: no special abilities


You were on level 4 of the Dungeon.
You visited 1 branch of the dungeon, and saw 4 of its levels.

You collected 98 gold pieces.

Inventory:

Hand Weapons
 a - a +0 flail (weapon)
Missiles
 f - 12 poisoned darts
 m - 4 atropa-tipped darts (quivered)
 n - 8 javelins
Armour
 b - a +0 scale mail (worn)
 c - a +0 kite shield (worn)
Jewellery
 i - a ring of fire
Wands
 d - a wand of flame (14)
Scrolls
 e - 2 scrolls of enchant armour {unknown}
 g - 3 scrolls of blinking {unknown}
 h - a scroll of summoning {unknown}
 j - 2 scrolls of identify
 k - 3 scrolls of teleportation {unknown}
 l - 3 scrolls of enchant weapon {unknown}
 o - a scroll of fear {unknown}
 p - a scroll of noise {unknown}


   Skills:
 - Level 3.0 Fighting
 + Level 5.7 Maces & Flails
 - Level 2.6 Armour
 - Level 2.6 Shields


You had 4 spell levels left.
You didn't know any spells.
Your spell library contained the following spells:

 Spells                   Type           Power      Damage    Failure   Level
 Passwall                 Tmut/Erth      0%         N/A       100%        2
 Swiftness                Air            0%         N/A       100%        3
 Invisibility             Hex            0%         N/A       100%        6


Dungeon Overview and Level Annotations

Branches:
Dungeon (4/15)
 Temple: D:4-7

Altars:
Beogh


Innate Abilities, Weirdness & Mutations

You have sharp toenails.
Your demonic aura sometimes causes spilled blood to erupt in flames.


Message History

l - 3 scrolls labelled ZEINNA VIKOIDO (gained 1)
m - 4 atropa-tipped darts (gained 2)
Found 12 poisoned darts and a mace.
Found 16 arrows.
Found 13 bolts.
Found a stone staircase leading down.
You now have 98 gold pieces (gained 7).
You see here 12 poisoned darts.
f - 12 poisoned darts An endoplasm comes into view.
No target in view!
No target in view!
No target in view!
An endoplasm is nearby!
You barely miss the endoplasm. You claw the endoplasm.
You kill the endoplasm!
No target in view!
HP restored.
A jelly comes into view.
The jelly quivers.
The jelly moves out of view.
You hit the jelly but do no damage. The acid corrodes you!
Your hands burn!
You claw the jelly.
The jelly is lightly wounded.
The jelly barely misses you. You block the jelly's attack.
You hit the jelly.
Your hands burn!
The jelly is moderately wounded.
The jelly hits you. The acid corrodes you!
You are splashed with acid.
You hit the jelly but do no damage.
Your hands burn!
The jelly is moderately wounded.
The jelly hits you.
You are splashed with acid.
You are too injured to fight recklessly!
You are too injured to fight recklessly!
You hit the jelly but do no damage. The acid corrodes you!
Your hands burn!
The jelly is moderately wounded.
The jelly hits you. The acid corrodes you!
You are splashed with acid!
* * * LOW HITPOINT WARNING * * *
The jelly hits you.
* * * LOW HITPOINT WARNING * * *
The acid corrodes you!
You are splashed with acid!
You die...

#...#........##
##.......(......
.#
##..##)........##
...
#..####.......##
.... ##..#
##...>..(. .....
##..## #.........
......#...#
##........
.........##
...... ........@#
...
.........J......
................
..............##
.............##
...O..........#
....#...#......#
..##... ....#..


You could see an ogre and a jelly.

Vanquished Creatures
  A necrophage (D:4)
  Terence (D:2)
  Robin (D:2)
  4 adders (D:2)
  3 dart slugs
  3 worms
  4 orcs (D:3)
  9 endoplasms
  6 giant cockroaches
  13 goblins
  6 hobgoblins
  2 quokkas (D:1)
  8 ball pythons
  4 bats
  3 frilled lizards
  6 kobolds
  5 rats
79 creatures vanquished.

Notes
Turn   | Place    | Note
-------+----------+-------------------------------------------
     0 | D:1      | Araneus the Demonspawn Fighter began the quest for the Orb.
     0 | D:1      | Reached XP level 1. HP: 18/18 MP: 1/1
   127 | D:1      | Reached skill level 2 in Maces & Flails
   177 | D:1      | Gained mutation: Your demonic aura sometimes causes spilled
                  | blood to erupt in flames. [demonic ancestry]
   177 | D:1      | Reached XP level 2. HP: 18/24 MP: 2/2
   420 | D:1      | Reached skill level 3 in Maces & Flails
   452 | D:1      | Found a faded altar of an unknown god.
  1013 | D:2      | Reached XP level 3. HP: 26/29 MP: 3/3
  1455 | D:2      | Noticed Terence
  1472 | D:2      | Killed Terence
  1473 | D:2      | Reached skill level 4 in Maces & Flails
  1473 | D:2      | Reached XP level 4. HP: 11/35 MP: 4/4
  1737 | D:2      | Noticed Robin
  1745 | D:2      | Killed Robin
  2604 | D:2      | Gained mutation: You have sharp toenails. [demonic
                  | ancestry]
  2604 | D:2      | Reached XP level 5. HP: 41/41 MP: 5/5
  3019 | D:3      | Reached skill level 5 in Maces & Flails
  3374 | D:4      | Noticed an ogre
  3399 | D:4      | Noticed a necrophage
  3415 | D:4      | Killed a necrophage
  3476 | D:4      | Splashed by a jelly's acid

Illustrated notes

Levels and vault maps discovered:
D:1:      sevenhm_arrival_forest_fort_large_2, layout_loops_ring,
          hellmonk_ecumenical_altar_defaced_shrine
D:2:      layout_loops_cross, minmay_nonomino_d4, uniq_terence, uniq_robin
D:3:      layout_rooms
D:4:      layout_layer_cave, minmay_bent, uniq_menkaure

Skill      XL: |  1  2  3  4  5 |
---------------+----------------+-----
Maces & Flails | 2 3 4 5 |  5.7
Fighting       | |  3.0
Armour         | |  2.6
Shields        | |  2.6

Action                   |  1- 3 |  4- 6 || total
-------------------------+-------+-------++-------
Melee: Flail             |   106 |   142 ||   248
       Kick              |       |    13 ||    13
  Use: Potion            |     1 |       ||     1
       Scroll            |       |     1 ||     1
 Stab: Distracted        |       |     1 ||     1
Armor: Scale mail        |    48 |    59 ||   107
Dodge: Dodged            |    29 |    43 ||    72
Block: Kite shield       |    47 |    78 ||   125
